 Dungeon Crawl Stone Soup version 0.25-a0-696-g42a9e46d90 (webtiles) character file.

Game seed: 4404024175058715636, levelgen mode: deterministic

112 Mehrunes the Ducker (level 4, -1/26 HPs)
             Began as a Deep Elf Conjurer on Mar 31, 2020.
             Was a Believer of Wu Jian.
             Slain by an ogre
             ... wielding a +0 giant club
              (19 damage)
             ... on level 2 of the Dungeon.
             The game lasted 00:09:04 (2738 turns).

Mehrunes the Ducker (Deep Elf Conjurer)             Turns: 2738, Time: 00:09:04

Health: -1/26      AC:  2    Str:  5    XL:     4   Next: 64%
Magic:  12/12      EV: 14    Int: 21    God:    Wu Jian [**....]
Gold:   119        SH:  0    Dex: 15    Spells: 8/11 levels left

rFire    . . .     SeeInvis .   m - +1 dagger (venom)
rCold    . . .     Gourm    .   (no shield)
rNeg     . . .     Faith    .   a - +0 robe
rPois    .         Spirit   .   (no helmet)
rElec    .         Reflect  .   (no cloak)
rCorr    .         Harm     .   (no gloves)
MR       .....                  (no boots)
Stlth    ++........             (no amulet)
HPRegen  0.08/turn              (no ring)
MPRegen  0.13/turn              (no ring)

@: no status effects
A: no striking features
a: Wall Jump, Renounce Religion


You were on level 2 of the Dungeon.
You worshipped Wu Jian.
Wu Jian was pleased with you.
You were not hungry.

You visited 1 branch of the dungeon, and saw 2 of its levels.

You collected 119 gold pieces.

Inventory:

Hand Weapons
 m - a +1 dagger of venom (weapon)
Armour
 a - a +0 robe (worn)
Scrolls
 b - 3 scrolls of remove curse {unknown}
 i - a scroll of identify {unknown}
 j - a scroll of amnesia {unknown}
Potions
 d - a potion of cancellation {unknown}
 e - 3 potions of ambrosia {unknown}
 f - a potion of invisibility {unknown}
 g - 2 potions of resistance {unknown}
 k - 2 potions of curing {unknown}
 l - a potion of heal wounds {unknown}
Comestibles
 c - 4 rations
 h - 8 chunks of flesh


   Skills:
 - Level 1.7 Fighting
 + Level 4.5 Dodging
 - Level 2.4 Stealth
 + Level 4.0 Spellcasting
 - Level 4.3 Conjurations


You had 8 spell levels left.
You knew the following spells:

 Your Spells              Type           Power        Failure   Level  Hunger
a - Magic Dart            Conj           ###.         1%          1    None
b - Searing Ray           Conj           ###...       3%          2    #......

Your spell library contained the following spells:

 Spells                   Type           Power        Failure   Level  Hunger
 Dazzling Flash           Conj/Hex       ##....       14%         3    ###....
 Fulminant Prism          Conj/Hex       ##........   43%         4    ####...
 Iskenderun's Mystic Bla  Conj/Tloc      ##......     43%         4    ####...


Dungeon Overview and Level Annotations

Branches:
Dungeon (2/15)

Altars:
Wu Jian


Message History

You see here 2 stones.
You feel sick.
You are no longer poisoned.
You see here a stone.
You see here a +0 dagger.
You see here 2 stones.
You see here a +0 dagger.
You see here a stone.
There is a stone staircase leading up here.
You see here 2 stones.
You see here a stone.
You see here a +0 dagger.
You see here 2 stones.
You see here a +0 dagger.
You see here a stone.
There is a stone staircase leading up here.
You see here 2 stones.
The ogre hits you with a +0 giant club!!
Ouch! That really hurt!
You die...

##### #############
....# #()().(..(..#
######## #(#####<###.#
#.# #.# #.# #.### #.#
#.# #.#.# #.# #.#
######.#.###.#####.###
.......((..)....@O...#
..######.#.#.#####.###
..# #.#.#.#####.###.#
..# ##.#.#...........#
#.# #..........#.###.#
#.# ##.#.#.##.....#
#.# ##.#.#.##.....#
#.# #..#.#.##..##.#
..# ##.#.#.##..##...


You could see an ogre.

Vanquished Creatures
  Robin (D:2)
  3 adders (D:2)
  A worm (D:2)
  2 dart slugs (D:2)
  2 giant cockroaches
  8 hobgoblins
  2 quokkas (D:2)
  4 bats
  3 frilled lizards
  24 goblins
  9 kobolds
  2 rats (D:2)
61 creatures vanquished.

Vanquished Creatures (others)
  A fungus (D:2)
1 creature vanquished.

Grand Total: 62 creatures vanquished

Notes
Turn   | Place    | Note
-------+----------+-------------------------------------------
     0 | D:1      | Mehrunes the Deep Elf Conjurer began the quest for the Orb.
     0 | D:1      | Reached XP level 1. HP: 10/10 MP: 6/6
   301 | D:1      | Reached XP level 2. HP: 16/16 MP: 2/8
   305 | D:1      | Learned a level 2 spell: Searing Ray
   426 | D:1      | Reached skill level 1 in Fighting
   811 | D:1      | You fall into a shaft and drop 1 floor!
  1424 | D:2      | Found a faded altar of an unknown god,
  1425 | D:2      | Noticed Robin
  1587 | D:2      | Reached XP level 3. HP: 20/20 MP: 2/9
  1659 | D:2      | Killed Robin
  1959 | D:2      | Became a worshipper of the Wu Jian Council
  1959 | D:2      | Reached * piety under Wu Jian
  2237 | D:2      | Reached XP level 4. HP: 26/26 MP: 2/11
  2610 | D:2      | Reached ** piety under Wu Jian
  2635 | D:2      | Noticed an ogre
  2738 | D:2      | Slain by an ogre

Levels and vault maps discovered:
D:1:      ncdulo_halloftheorcs, layout_basic
D:2:      cheibrodos_greedy_goblins, layout_basic, lemuel_blue_sif_altar,
          grunt_qazlal_clouds, chequers_ecumenical_altar_simple,
          uniq_crazy_yiuf_cottage, uniq_robin

Skill      XL: |  1  2  3  4 |
---------------+-------------+-----
Dodging        | 3 4 |  4.5
Fighting       | 1 |  1.7
Spellcasting   | 4 |  4.0
Stealth        | |  2.4
Conjurations   | |  4.3

Action                   |  1- 3 |  4- 6 || total
-------------------------+-------+-------++-------
Melee: Dagger            |     6 |       ||     6
 Cast: Magic Dart        |    43 |    32 ||    75
       Searing Ray       |     9 |     3 ||    12
Invok: Whirlwind         |     2 |       ||     2
 Stab: Sleeping          |     1 |       ||     1
  Eat: Chunk             |     1 |     1 ||     2
       Ration            |     1 |       ||     1
Armor: Robe              |     8 |     1 ||     9
Dodge: Dodged            |    24 |    11 ||    35

Table legend:
 A = Non-vault XP
 B = Vault XP
 C = Vault XP percentage of total XP
 D = Non-vault monster count
 E = Vault monster count
 F = Vault count percentage of total count
                 A         B        C        D         E       F
            +---------+---------+-------+---------+---------+-------
      Total |     103 |      58 |  36.0 |      38 |      23 |  37.7
            +---------+---------+-------+---------+---------+-------
        D:1 |      19 |       0 |   0.0 |      14 |       0 |   0.0
        D:2 |      84 |      58 |  40.8 |      24 |      23 |  48.9
            +---------+---------+-------+---------+---------+-------
